 Dungeon Crawl Stone Soup version 0.18-a0-1077-g6e30d08 (webtiles) character file.

2462 sugabear the Cudgeler (level 9, -13/45 HPs)
             Began as a Vine Stalker Gladiator on Feb 1, 2016.
             Was a Believer of Ukayaw.
             Mangled by a hill giant
             ... wielding a +0 giant club
              (28 damage)
             ... on level 10 of the Dungeon.
             The game lasted 00:09:07 (5643 turns).

sugabear the Cudgeler (Vine Stalker Gladiator)      Turns: 5643, Time: 00:09:07

Health: -13/45     AC: 12    Str: 18    XL:     9   Next: 50%
Magic:  0/9        EV: 15    Int:  8    God:    Ukayaw [**....]
Gold:   287        SH:  0    Dex: 18    Spells: 0 memorised, 8 levels left

rFire  + . .     SeeInvis .     E - +1 flail (holy)
rCold  . . .     Gourm    .     F - +2 ring mail {rF+}
rNeg   . . .     Faith    .     (no shield)
rPois  .         Spirit   +     (helmet restricted)
rElec  .         Dismiss  .     (no cloak)
rCorr  .         Reflect  .     e - +0 pair of gloves
SustAt .         Harm     .     i - +2 pair of boots
MR     +++..     Rnd*Tele +     D - amulet of regeneration
Stlth  ++........               (no ring)
                                y - ring of teleportation (curse)

@: extremely resistant to hostile enchantments, unstealthy
A: fangs 3, horns 1, low mp 2, magic resistance 2, regeneration 2, wild magic 2,
evolution 2, magic shield, antimagic bite, no device heal 3, rot immunity
a: Stomp, Line Pass, Renounce Religion, Evoke Teleportation


You were on level 10 of the Dungeon.
You worshipped Ukayaw.
Ukayaw was pleased with you.
You were not hungry.

You visited 2 branches of the dungeon, and saw 9 of its levels.

You collected 287 gold pieces.

Inventory:

Hand Weapons
 b - a cursed -1 giant club
 E - a +1 flail of holy wrath (weapon)
Missiles
 d - a throwing net (quivered)
Armour
 e - a +0 pair of gloves (worn)
 i - a +2 pair of boots (worn)
 F - a +2 ring mail of fire resistance (worn)
Jewellery
 y - a cursed ring of teleportation (left hand)
 D - an amulet of regeneration (around neck)
Scrolls
 h - 2 scrolls of enchant armour {unknown}
 k - 4 scrolls of teleportation {unknown}
 l - 10 scrolls of identify {unknown}
 p - 2 scrolls of recharging {unknown}
 q - a scroll of fear {unknown}
 u - a scroll of remove curse {unknown}
 B - a scroll of amnesia {unknown}
 C - a scroll of blinking {unknown}
Potions
 j - 6 potions of curing
 m - 4 potions of agility {unknown}
 n - 3 potions of heal wounds {unknown}
 r - 2 potions of degeneration {unknown}
 t - 2 potions of mutation {unknown}
 v - a potion of berserk rage {unknown}
 A - 2 potions of magic {unknown}
Comestibles
 a - 5 chunks of flesh
 f - 6 bread rations
 g - 6 meat rations
 x - a beef jerky
 z - a slice of pizza


   Skills:
 + Level 4.0 Fighting
 + Level 6.0 Maces & Flails
 + Level 2.2 Throwing
 + Level 5.2 Armour
 + Level 6.0 Dodging
 + Level 3.0 Stealth
 * Level 2.9 Invocations
 + Level 0.5 Evocations


You had 8 spell levels left.
You didn't know any spells.

Dungeon Overview and Level Annotations

Branches:
Dungeon (7/15)             Temple (1/1) D:6

Altars:
Ashenzari
Dithmenos
Elyvilon
Fedhas
Gozag
Nemelex Xobeh
Okawaru
Pakellas
Qazlal
Sif Muna
Trog
Ukayaw
Vehumet
Xom
Yredelemnul
Zin
The Shining One

Annotations:
D:10 Modest's ghost, novice DsGl


Innate Abilities, Weirdness & Mutations

You have razor-sharp teeth.
You heal very quickly.
When hurt, damage is shared between your health and your magic reserves.
Your bite disrupts and absorbs the magic of your enemies.
Potions and wands cannot restore your health.
You are immune to rotting.
You have a pair of small horns on your head.
Your magical capacity is very low (-20% MP).
You are highly resistant to hostile enchantments.
Your spells are harder to cast, but more powerful.
You rapidly evolve.


Message History

A big kobold comes into view.
Modest's ghost turns its malevolent gaze towards you.
The hill giant barely misses you.
You can no longer pass through a line of other dancers.
Found a stone staircase leading down.
A kobold comes into view.
You hit the hill giant.
You can now pass through a line of other dancers.
You bite the hill giant! You drain its power.
The hill giant is lightly wounded.
The hill giant hits you with a giant club!!!
Ouch! That really hurt!
You hit the hill giant. You headbutt the hill giant!
The hill giant is moderately wounded.
The hill giant hits you with a giant club.
You barely miss the hill giant.
The hill giant is moderately wounded.
The hill giant hits you with a giant club!!
Ouch! That really hurt!
You die...

. .# #########
..####.......#
...>........<## .
###...........# ..K
##..........#### #..#
#..............###...#
#†..........#.@CW..#
##..........#####..##
#...........# #..#
#...........# #..#
#..........## ##.#
#.........## .#
#........## .#
###...#### .# #####


You could see a hill giant and Modest's ghost.

Vanquished Creatures
  The ghost of Xenophilius the Covert, a novice VSAs (D:6)
  Edmund (D:6)
  Duvessa (D:5)
  3 sky beasts
  2 ice beasts (D:5)
  4 ogres
  3 giant frogs
  A scorpion (D:4)
  Dowan (D:5)
  A water moccasin skeleton (D:4)
  3 crimson imps
  A giant frog skeleton (D:5)
  A hound (D:10)
  An orc priest (D:6)
  8 orc wizards
  Terence (D:3)
  A centaur skeleton (D:10)
  2 iguanas
  3 worker ants
  A hound zombie (D:5)
  2 worker ant zombies
  3 gnolls (D:5)
  4 adders
  2 oozes
  An adder zombie (D:5)
  An adder skeleton (D:5)
  A worm (D:4)
  2 giant geckos
  16 orcs
  4 ball pythons
  4 bats
  3 giant cockroaches
  4 goblins
  3 hobgoblins
  19 jackals
  4 quokkas
  A giant cockroach zombie (D:5)
  7 giant newts
  5 kobolds
  A quokka zombie (D:5)
  6 rats
133 creatures vanquished.

Notes
Turn   | Place    | Note
--------------------------------------------------------------
     0 | D:1      | sugabear the Vine Stalker Gladiator began the quest for the Orb.
     0 | D:1      | Reached XP level 1. HP: 11/11 MP: 2/2
   118 | D:1      | Reached XP level 2. HP: 15/15 MP: 3/3
   832 | D:2      | Found a blossoming altar of Fedhas.
   947 | D:2      | Reached skill level 3 in Dodging
   947 | D:2      | Reached XP level 3. HP: 14/18 MP: 1/4
  1253 | D:3      | Noticed Terence
  1278 | D:3      | Killed Terence
  1278 | D:3      | Reached skill level 1 in Armour
  1278 | D:3      | Reached XP level 4. HP: 6/23 MP: 2/5
  1968 | D:4      | Reached XP level 5. HP: 16/27 MP: 6/6
  2081 | D:4      | Found a shadowy altar of Dithmenos.
  2198 | D:3      | Found a basalt altar of Yredelemnul.
  2198 | D:3      | Found a shattered altar of Ashenzari.
  2260 | D:4      | Noticed an ogre
  2268 | D:4      | Killed an ogre
  2268 | D:4      | Gained mutation: You heal very quickly. [Vine Stalker growth]
  2268 | D:4      | Reached XP level 6. HP: 32/32 MP: 7/7
  2508 | D:4      | Reached skill level 4 in Maces & Flails
  2689 | D:5      | Entered Level 5 of the Dungeon
  2774 | D:5      | Noticed a phantom
  2817 | D:5      | Noticed an ice beast
  2826 | D:5      | Killed an ice beast
  2826 | D:5      | Reached XP level 7. HP: 26/35 MP: 5/8
  2939 | D:5      | Found a white marble altar of Elyvilon.
  3038 | D:5      | Gained mutation: You have a pair of small horns on your head. [mutagenic meat]
  3039 | D:5      | Gained mutation: Your magical capacity is low (-10% MP). [mutagenic meat]
  3040 | D:5      | Gained mutation: You evolve. [mutagenic meat]
  3041 | D:5      | Gained mutation: You have large cloven feet. [mutagenic meat]
  3042 | D:5      | Gained mutation: You rapidly evolve. [mutagenic meat]
  3043 | D:5      | Lost mutation: You have large cloven feet. [mutagenic meat]
  3105 | D:5      | Noticed Duvessa
  3105 | D:5      | Noticed Dowan
  3118 | D:5      | Gained mutation: You have razor-sharp teeth. [Vine Stalker growth]
  3118 | D:5      | Reached XP level 8. HP: 36/40 MP: 6/8
  3119 | D:5      | Killed Dowan
  3119 | D:5      | Reached skill level 5 in Maces & Flails
  3127 | D:5      | Killed Duvessa
  3348 | D:5      | Reached skill level 5 in Dodging
  3409 | D:5      | Gained mutation: Your spells are a little harder to cast, but a little more powerful. [evolution]
  3530 | D:6      | Noticed Xenophilius's ghost (novice VSAs)
  3712 | D:6      | Reached skill level 1 in Stealth
  3772 | D:6      | Found an iron altar of Okawaru.
  3808 | D:6      | Found a staircase to the Ecumenical Temple.
  3828 | Temple   | Entered the Ecumenical Temple
  3866 | Temple   | Became a worshipper of Ukayaw the Reveler
  3888 | D:6      | Reached * piety under Ukayaw
  3892 | D:6      | Reached ** piety under Ukayaw
  4175 | D:6      | Noticed Edmund
  4187 | D:6      | Reached *** piety under Ukayaw
  4189 | D:6      | Reached **** piety under Ukayaw
  4189 | D:6      | Killed Edmund
  4189 | D:6      | Reached skill level 1 in Invocations
  4341 | D:6      | Gained mutation: You are resistant to hostile enchantments. [evolution]
  4497 | D:6      | Gained mutation: You are highly resistant to hostile enchantments. [mutagenic meat]
  4499 | D:6      | Gained mutation: Your magical capacity is very low (-20% MP). [mutagenic meat]
  4768 | D:7      | Reached XP level 9. HP: 40/45 MP: 7/9
  4946 | D:6      | Found a staircase to the Ecumenical Temple.
  4955 | D:6      | Killed Xenophilius's ghost
  5096 | D:6      | Found an iron altar of Okawaru.
  5410 | D:7      | Found a deep blue altar of Sif Muna.
  5427 | D:7      | Reached skill level 5 in Armour
  5442 | D:7      | Reached ***** piety under Ukayaw
  5442 | D:7      | Reached skill level 6 in Dodging
  5470 | D:7      | Found an oddly glowing altar of Pakellas.
  5542 | D:7      | Gained mutation: Your spells are harder to cast, but more powerful. [evolution]
  5595 | D:7      | Found a shimmering altar of Xom.
  5600 | D:7      | Found a shimmering altar of Xom.
  5600 | D:7      | Found a shimmering altar of Xom.
  5605 | D:7      | You fall through a shaft for 3 floors!
  5605 | D:10     | Entered Level 10 of the Dungeon
  5635 | D:10     | Noticed a hill giant
  5638 | D:10     | Noticed Modest's ghost (novice DsGl)
  5643 | D:10     | Mangled by a hill giant

Vault maps used:
D:1:      evilmike_arrival_rings
D:2:      fedhas_altar_4
D:3:      nicolae_overflow_hidden_temple, first_bread, uniq_terence
D:4:      grunt_dithmenos_smoke, kennysheep_boxes
D:5:      overflow_temple_1_default, uniq_duvessa
D:6:      okawaru_trees_1, minmay_temple_entry_purple_smoke, uniq_edmund
D:7:      lemuel_doored_altar, grunt_temple_overflow_open, xom_redecorated,
          the_bakery
Temple:   temple_eino_lava_8

Action                   |  1- 3 |  4- 6 |  7- 9 || total
-------------------------+-------+-------+-------++-------
Melee: Flail             |    88 |   122 |   218 ||   428
Throw: Throwing net      |     2 |       |     2 ||     4
Invok: Stomp             |       |       |     2 ||     2
       Line Pass         |       |       |     1 ||     1
Evoke: Wand              |       |       |     4 ||     4
  Use: Potion            |       |       |     1 ||     1
 Stab: Paralysed         |       |       |     4 ||     4
       Distracted        |       |       |     1 ||     1
       Sleeping          |       |       |     1 ||     1
  Eat: Chunk             |     1 |     5 |    23 ||    29
